ACL
ACL CHICAGO (N) CUBS @ ACL SEATTLE MARINERS
05/24/2042
 
TOP OF THE 1ST
ACL Chicago (N) Cubs batting - Pitching for ACL Seattle Mariners : LHP Jim Unknown
Pitching: LHP Jim Unknown
Batting: RHB Dave Jones 0-0: Ball
1-0: Swinging Strike
1-1: Foul Ball, location: 3SF
1-2: Strikes out looking
Batting: LHB Iván Ríos 0-0: Called Strike
0-1: Swinging Strike
0-2: Strikes out swinging
Batting: RHB Josh Belcher 0-0: Ball
1-0: Foul Ball, location: 5F
1-1: Swinging Strike
1-2: Ball
2-2: Foul Ball, location: 2F
2-2: SINGLE (Groundball, 4MD, EV 101.3 MPH)
Batting: SHB Juan Martínez 0-0: SINGLE (Groundball, 34S, EV 86.9 MPH) (infield hit)
Josh Belcher to second
Batting: RHB Alfredo Durán 0-0: SINGLE (Line Drive, 89S, EV 90.0 MPH)
Josh Belcher to third
Juan Martínez to second
Runner from 3rd tries for Home, throw by RF and OUT! 9-2
Top of the 1st over - 0 runs, 3 hits, 0 errors, 2 left on base; ACL Chicago (N) 0 - ACL Seattle 0
BOTTOM OF THE 1ST
ACL Seattle Mariners batting - Pitching for ACL Chicago (N) Cubs : LHP Jim Unknown
Pitching: LHP Jim Unknown
Batting: RHB Augusto Estrada 0-0: Called Strike
0-1: Foul Ball, location: 3F
0-2: Foul Ball, location: 2F
0-2: Ball
1-2: Ball
2-2: Ball
3-2: Base on Balls
Batting: RHB Johnny McIntosh 0-0: Called Strike
0-1: Ball
1-1: Sac Bunt to 15S - play at first, batter OUT! 1-3
Augusto Estrada to second
Batting: RHB César Chávez 0-0: Ball
1-0: Foul Ball, location: 7LMF
1-1: DOUBLE (Line Drive, 78D, EV 103.8 MPH)
Augusto Estrada scores
Batting: LHB Juan Ortíz 0-0: Fly out, F5 (Popup, 56S, EV 81.3 MPH)
Batting: RHB António Medina 0-0: 2-RUN HOME RUN (Flyball, 7LD, EV 91.3 MPH), Distance : 338 ft
Batting: RHB Johnny Pritchard 0-0: Ball
1-0: Swinging Strike
1-1: Ball
2-1: Ball
3-1: Base on Balls
Batting: LHB Duane Cooper 0-0: Swinging Strike
0-1: SINGLE (Groundball, 34D, EV 99.4 MPH)
Johnny Pritchard to second
Runner from 2nd tries for 3rd, SAFE, throw by RF made to third
Batting: RHB Sandy Lane 0-0: Called Strike
0-1: Ball
1-1: Ground out 4-3 (Groundball, 4S, EV 88.1 MPH)
Bottom of the 1st over - 3 runs, 3 hits, 0 errors, 2 left on base; ACL Chicago (N) 0 - ACL Seattle 3
TOP OF THE 2ND
ACL Chicago (N) Cubs batting - Pitching for ACL Seattle Mariners : LHP Jim Unknown
Batting: RHB José Valdés 0-0: Called Strike
0-1: Ball
1-1: Ball
2-1: Foul Ball, location: 2F
2-2: Foul Ball, location: 9LDF
2-2: Ground out 4-3 (Groundball, 4, EV 101.9 MPH)
Batting: RHB Gil Parker 0-0: DOUBLE (Groundball, 5L, EV 110.6 MPH)
Batting: LHB Jim Unknown 0-0: Ball
1-0: Ground out 4-3 (Groundball, 4, EV 87.5 MPH)
Gil Parker to third
Batting: RHB Josh Dixon 0-0: Ball
1-0: Ball
2-0: Ball
3-0: Base on Balls
Batting: RHB Dave Jones 0-0: Foul Ball, location: 2RF
0-1: Foul Ball, location: 7LMFF
0-2: Strikes out swinging
Top of the 2nd over - 0 runs, 1 hit, 0 errors, 2 left on base; ACL Chicago (N) 0 - ACL Seattle 3
BOTTOM OF THE 2ND
ACL Seattle Mariners batting - Pitching for ACL Chicago (N) Cubs : LHP Jim Unknown
Batting: LHB Phil Blue 0-0: Swinging Strike
0-1: Swinging Strike
0-2: Ball
1-2: Ball
2-2: Strikes out swinging
Batting: RHB Augusto Estrada 0-0: Ball
1-0: Called Strike
1-1: Ground out 4-3 (Groundball, 4, EV 88.8 MPH)
Batting: RHB Johnny McIntosh 0-0: Swinging Strike
0-1: Ball
1-1: Foul Ball, location: 2F
1-2: Strikes out swinging
Bottom of the 2nd over - 0 runs, 0 hits, 0 errors, 0 left on base; ACL Chicago (N) 0 - ACL Seattle 3
TOP OF THE 3RD
ACL Chicago (N) Cubs batting - Pitching for ACL Seattle Mariners : LHP Jim Unknown
Batting: LHB Iván Ríos 0-0: Foul Ball, location: 9LSFF
0-1: Ground out 4-3 (Groundball, 4, EV 95.0 MPH)
Batting: RHB Josh Belcher 0-0: Called Strike
0-1: SINGLE (Line Drive, 7S, EV 105.0 MPH)
Batting: SHB Juan Martínez 0-0: Ball
1-0: Foul Ball, location: 5FF
1-1: Called Strike
Josh Belcher steals 2nd base
1-2: Hit by Pitch
Batting: RHB Alfredo Durán 0-0: Ball
1-0: Called Strike
1-1: Foul Ball, location: 9LMF
1-2: Ball
2-2: Strikes out swinging
Batting: RHB José Valdés 0-0: Ball
1-0: Called Strike
1-1: Called Strike
1-2: Strikes out swinging
Top of the 3rd over - 0 runs, 1 hit, 0 errors, 2 left on base; ACL Chicago (N) 0 - ACL Seattle 3
BOTTOM OF THE 3RD
ACL Seattle Mariners batting - Pitching for ACL Chicago (N) Cubs : LHP Jim Unknown
Batting: RHB César Chávez 0-0: Ball
1-0: Ball
2-0: Ball
3-0: Swinging Strike
3-1: Base on Balls
Batting: LHB Juan Ortíz 0-0: Ball
1-0: Ball
2-0: Ball
3-0: Called Strike
3-1: Base on Balls
César Chávez to second
Batting: RHB António Medina 0-0: Reached on error, E6 (Groundball, 6, EV 99.4 MPH)
César Chávez to third
Juan Ortíz to second
Batting: RHB Johnny Pritchard 0-0: GRAND SLAM HOME RUN (Flyball, 7D, EV 95.0 MPH), Distance : 381 ft
Batting: LHB Duane Cooper 0-0: Ball
1-0: Foul Ball, location: 2F
1-1: Called Strike
1-2: Ball
2-2: Ball
3-2: Base on Balls
Pitching: RHP Jim Unknown
Batting: RHB Sandy Lane 0-0: Called Strike
0-1: Ball
1-1: Foul Ball, location: 25FF
1-2: DOUBLE (Line Drive, 9LM, EV 110.0 MPH)
Duane Cooper to third
Batting: LHB Phil Blue 0-0: Ball
1-0: Ball
2-0: Ball
3-0: Base on Balls
Batting: RHB Augusto Estrada 0-0: Swinging Strike
0-1: Called Strike
0-2: Strikes out looking
Batting: RHB Johnny McIntosh 0-0: Ball
1-0: Ball
2-0: Foul Ball, location: 2F
2-1: Called Strike
2-2: Ball
3-2: Foul Ball, location: 5DF
3-2: Strikes out looking
Batting: RHB César Chávez 0-0: Ball
1-0: Swinging Strike
1-1: TRIPLE (Flyball, 89XD, EV 96.3 MPH)
Duane Cooper scores
Sandy Lane scores
Phil Blue scores
Batting: LHB Juan Ortíz 0-0: Foul Ball, location: 3F
0-1: Ball
1-1: Ball
2-1: Ball
3-1: Base on Balls
Batting: RHB António Medina 0-0: SINGLE (Groundball, 6M, EV 98.8 MPH)
César Chávez scores
Juan Ortíz to second
Runner from 2nd tries for 3rd, SAFE, throw by CF made to third
Batting: RHB Johnny Pritchard 0-0: SINGLE (Groundball, 34D, EV 95.6 MPH)
Juan Ortíz scores
António Medina to second
Runner from 2nd tries for 3rd, SAFE, throw by RF made to third
Pitching: RHP Jim Unknown
Batting: LHB Duane Cooper 0-0: Called Strike
0-1: Ball
1-1: Swinging Strike
1-2: Strikes out swinging
Bottom of the 3rd over - 9 runs, 5 hits, 1 error, 2 left on base; ACL Chicago (N) 0 - ACL Seattle 12
TOP OF THE 4TH
ACL Chicago (N) Cubs batting - Pitching for ACL Seattle Mariners : LHP Jim Unknown
Batting: RHB Gil Parker 0-0: Ball
1-0: Called Strike
1-1: Ball
2-1: Swinging Strike
2-2: Foul Ball, location: 3SF
2-2: Foul Ball, location: 9LSF
2-2: Strikes out swinging
Batting: LHB Jim Unknown 0-0: SOLO HOME RUN (Flyball, 9D, EV 96.9 MPH), Distance : 381 ft
Batting: RHB Josh Dixon 0-0: Ball
1-0: Ball
2-0: Ball
3-0: Base on Balls
Batting: RHB Dave Jones 0-0: Ball
1-0: Foul Ball, location: 9LDF
1-1: Swinging Strike
1-2: Strikes out swinging
Batting: LHB Iván Ríos 0-0: SINGLE (Groundball, 34, EV 89.4 MPH)
Josh Dixon to second
Batting: RHB Josh Belcher 0-0: Ball
1-0: Fly out, F6 (Line Drive, 6, EV 71.9 MPH)
Top of the 4th over - 1 run, 2 hits, 0 errors, 2 left on base; ACL Chicago (N) 1 - ACL Seattle 12
BOTTOM OF THE 4TH
ACL Seattle Mariners batting - Pitching for ACL Chicago (N) Cubs : RHP Jim Unknown
Batting: RHB Sandy Lane 0-0: Called Strike
0-1: Ball
1-1: Ball
2-1: TRIPLE (Line Drive, 89XD, EV 106.3 MPH)
Batting: LHB Phil Blue 0-0: Fly out, F9 (Flyball, 9LS, EV 85.6 MPH)
Batting: RHB Augusto Estrada 0-0: Called Strike
0-1: Foul Ball, location: 9LMF
0-2: Ball
1-2: Ground out 4-3 (Groundball, 4, EV 86.3 MPH)
Sandy Lane scores
Batting: RHB Johnny McIntosh 0-0: Foul Ball, location: 5FF
0-1: Ball
1-1: Ball
2-1: Called Strike
2-2: Strikes out looking
Bottom of the 4th over - 1 run, 1 hit, 0 errors, 0 left on base; ACL Chicago (N) 1 - ACL Seattle 13
TOP OF THE 5TH
ACL Chicago (N) Cubs batting - Pitching for ACL Seattle Mariners : LHP Jim Unknown
Batting: SHB Juan Martínez 0-0: Called Strike
0-1: Ball
1-1: Fly out, F4 (Popup, 34, EV 65.6 MPH)
Batting: RHB Alfredo Durán 0-0: Ball
1-0: Foul Ball, location: 3F
1-1: Ball
2-1: Ball
3-1: Base on Balls
Batting: RHB José Valdés 0-0: Ball
1-0: Foul Ball, location: 5F
1-1: Called Strike
1-2: Strikes out looking
Batting: RHB Gil Parker 0-0: Swinging Strike
0-1: Called Strike
Alfredo Durán steals 2nd base
0-2: Ball
1-2: Fly out, F8 (Flyball, 8LM, EV 88.8 MPH)
Top of the 5th over - 0 runs, 0 hits, 0 errors, 1 left on base; ACL Chicago (N) 1 - ACL Seattle 13
BOTTOM OF THE 5TH
ACL Seattle Mariners batting - Pitching for ACL Chicago (N) Cubs : RHP Jim Unknown
Batting: RHB César Chávez 0-0: Foul Ball, location: 2F
0-1: Swinging Strike
0-2: Strikes out swinging
Batting: LHB Juan Ortíz 0-0: Ball
1-0: Foul Ball, location: 2F
1-1: Ball
2-1: Ball
3-1: Foul Ball, location: 2F
3-2: Strikes out swinging
Batting: RHB António Medina 0-0: Called Strike
0-1: SOLO HOME RUN (Flyball, 78XD, EV 99.4 MPH), Distance : 409 ft
Batting: RHB Johnny Pritchard 0-0: Called Strike
0-1: Foul Ball, location: 9LDF
0-2: Strikes out swinging
Bottom of the 5th over - 1 run, 1 hit, 0 errors, 0 left on base; ACL Chicago (N) 1 - ACL Seattle 14
TOP OF THE 6TH
ACL Chicago (N) Cubs batting - Pitching for ACL Seattle Mariners : LHP Jim Unknown
Batting: LHB Jim Unknown 0-0: Fly out, F8 (Flyball, 8LM, EV 100.0 MPH)
Batting: RHB Josh Dixon 0-0: Ball
1-0: Ball
2-0: Ball
3-0: Base on Balls
Batting: RHB Dave Jones 0-0: Ball
1-0: Ball
2-0: Called Strike
2-1: Ball
3-1: Called Strike
3-2: Foul Ball, location: 3F
3-2: Foul Ball, location: 5FF
3-2: Strikes out swinging
Pitching: RHP Jim Unknown
Batting: LHB Iván Ríos 0-0: Called Strike
0-1: Foul Ball, location: 2F
0-2: Ball
1-2: Strikes out swinging
Top of the 6th over - 0 runs, 0 hits, 0 errors, 1 left on base; ACL Chicago (N) 1 - ACL Seattle 14
BOTTOM OF THE 6TH
ACL Seattle Mariners batting - Pitching for ACL Chicago (N) Cubs : RHP Jim Unknown
Batting: LHB Duane Cooper 0-0: Called Strike
0-1: Ball
1-1: Ball
2-1: Ball
3-1: Called Strike
3-2: Foul Ball, location: 2F
3-2: Foul Ball, location: 2F
3-2: Ground out 6-3 (Groundball, 6, EV 102.5 MPH)
Batting: RHB Sandy Lane 0-0: Swinging Strike
0-1: Foul Ball, location: 3FF
0-2: Ball
1-2: Foul Ball, location: 5FF
1-2: Ball
2-2: Strikes out swinging
Batting: LHB Phil Blue 0-0: Ball
1-0: Foul Ball, location: 3SF
1-1: Ball
2-1: SINGLE (Flyball, 6MD, EV 93.8 MPH)
Batting: RHB Augusto Estrada 0-0: Ball
1-0: Ball
2-0: Called Strike
2-1: Ball
3-1: Base on Balls
Phil Blue to second
Batting: RHB Johnny McIntosh 0-0: Called Strike
0-1: Ball
1-1: Foul Ball, location: 3SF
1-2: Foul Ball, location: 2F
1-2: Foul Ball, location: 2F
1-2: Strikes out looking
Bottom of the 6th over - 0 runs, 1 hit, 0 errors, 2 left on base; ACL Chicago (N) 1 - ACL Seattle 14
TOP OF THE 7TH
ACL Chicago (N) Cubs batting - Pitching for ACL Seattle Mariners : RHP Jim Unknown
Pinch Hitting: RHB Jim Unknown 0-0: Ball
1-0: Called Strike
1-1: Ball
2-1: Ball
3-1: Called Strike
3-2: Foul Ball, location: 2F
3-2: Base on Balls
Batting: SHB Juan Martínez 0-0: Called Strike
0-1: 2-RUN HOME RUN (Flyball, 7LD, EV 92.5 MPH), Distance : 347 ft
Batting: RHB Alfredo Durán 0-0: Ball
1-0: Ball
2-0: Ground out 3-1 (Groundball, 34, EV 88.1 MPH)
Batting: RHB José Valdés 0-0: Ball
1-0: DOUBLE (Groundball, 5L, EV 101.9 MPH)
Batting: RHB Gil Parker 0-0: Reached on error, E4 (Groundball, 4, EV 106.9 MPH)
José Valdés to third
Batting: LHB Jim Unknown 0-0: Called Strike
Gil Parker steals 2nd base (no throw)
0-1: Called Strike
0-2: Ball
1-2: Ball
2-2: Foul Ball, location: 2F
2-2: Ball
3-2: Base on Balls
Batting: RHB Josh Dixon 0-0: Ball
1-0: Swinging Strike
1-1: Foul Ball, location: 7LMF
1-2: Strikes out swinging
Batting: RHB Dave Jones 0-0: Ball
1-0: Called Strike
1-1: Ball
2-1: Ball
3-1: Swinging Strike
3-2: Base on Balls
José Valdés scores
Gil Parker to third
Jim Unknown to second
Pinch Hitting: RHB Jesús Flores 0-0: Called Strike
0-1: Called Strike
0-2: Strikes out swinging
Top of the 7th over - 3 runs, 2 hits, 1 error, 3 left on base; ACL Chicago (N) 4 - ACL Seattle 14
BOTTOM OF THE 7TH
ACL Seattle Mariners batting - Pitching for ACL Chicago (N) Cubs : RHP Jim Unknown
Pitching: LHP Jim Unknown
Now at 1B: Jim Unknown
Now in LF: Juan Martínez
Now in RF: Jesús Flores
Batting: RHB César Chávez 0-0: Called Strike
0-1: Foul Ball, location: 25F
0-2: Ball
1-2: Strikes out swinging
Pinch Hitting: LHB Jim Unknown 0-0: Called Strike
0-1: Ball
1-1: SOLO HOME RUN (Flyball, 89XD, EV 107.5 MPH), Distance : 405 ft
Pinch Hitting: LHB Jim Unknown 0-0: Foul Ball, location: 2F
0-1: Called Strike
0-2: Ground out 5-3 (Groundball, 56, EV 83.8 MPH)
Pinch Hitting: RHB Jeff Noble 0-0: Ball
1-0: Ball
2-0: Ball
3-0: Called Strike
3-1: Base on Balls
Batting: LHB Duane Cooper 0-0: Swinging Strike
0-1: Fly out, F7 (Flyball, 7, EV 86.9 MPH)
Bottom of the 7th over - 1 run, 1 hit, 0 errors, 1 left on base; ACL Chicago (N) 4 - ACL Seattle 15
TOP OF THE 8TH
ACL Chicago (N) Cubs batting - Pitching for ACL Seattle Mariners : RHP Jim Unknown
Now at 1B: Jeff Noble
Now in LF: Jim Unknown
Now in RF: Jim Unknown
Batting: RHB Jim Unknown 0-0: Called Strike
0-1: Ball
1-1: Ball
2-1: Ball
3-1: Foul Ball, location: 9LDF
3-2: Base on Balls
Pitching: RHP Jim Unknown
Pinch Hitting: RHB Jim Unknown 0-0: Called Strike
0-1: Called Strike
0-2: Ball
1-2: Fly out, F6 (Popup, 6, EV 73.8 MPH)
Batting: RHB Alfredo Durán 0-0: Swinging Strike
0-1: Fielders Choice at 2nd, 4-6 (Groundball, 4S, EV 81.3 MPH)
Batting: RHB José Valdés 0-0: Called Strike
0-1: Swinging Strike
0-2: Strikes out swinging
Top of the 8th over - 0 runs, 0 hits, 0 errors, 1 left on base; ACL Chicago (N) 4 - ACL Seattle 15
BOTTOM OF THE 8TH
ACL Seattle Mariners batting - Pitching for ACL Chicago (N) Cubs : LHP Jim Unknown
Now in LF: Jesús Flores
Now in RF: Chad Matthews
Batting: RHB Sandy Lane 0-0: Ball
1-0: Ball
2-0: Called Strike
2-1: Ground out 4-3 (Groundball, 4, EV 90.6 MPH)
Batting: LHB Phil Blue 0-0: Ball
1-0: Ball
2-0: Ball
3-0: Base on Balls
Batting: RHB Augusto Estrada 0-0: Ball
1-0: Ball
2-0: Fly out, F7 (Flyball, 7, EV 91.9 MPH)
Batting: RHB Johnny McIntosh 0-0: Ball
1-0: Swinging Strike
1-1: Foul Ball, location: 2LF
1-2: Ball
2-2: Foul Ball, location: 2F
2-2: Foul Ball, location: 2F
2-2: Fly out, F3 (Line Drive, 34, EV 65.0 MPH)
Bottom of the 8th over - 0 runs, 0 hits, 0 errors, 1 left on base; ACL Chicago (N) 4 - ACL Seattle 15
TOP OF THE 9TH
ACL Chicago (N) Cubs batting - Pitching for ACL Seattle Mariners : RHP Jim Unknown
Pinch Hitting: SHB Von Smith 0-0: Ball
1-0: Ball
2-0: Ball
3-0: Called Strike
3-1: Foul Ball, location: 7LMF
3-2: Foul Ball, location: 7LSF
3-2: Base on Balls
Batting: LHB Jim Unknown 0-0: Called Strike
0-1: Ball
1-1: Ball
2-1: Swinging Strike
2-2: Foul Ball, location: 9LSFF
2-2: Strikes out looking
Batting: RHB Josh Dixon 0-0: Ball
1-0: Ball
2-0: Ball
3-0: Base on Balls
Von Smith to second
Pinch Hitting: RHB Sergio Vargas 0-0: Ball
1-0: SINGLE (Line Drive, 7LS, EV 103.8 MPH)
Von Smith to third
Josh Dixon to second
Pinch Hitting: SHB António González 0-0: Foul Ball, location: 25FF
0-1: Ball
1-1: Swinging Strike
1-2: Strikes out swinging
Batting: RHB Jim Unknown 0-0: Foul Ball, location: 5DF
0-1: Foul Ball, location: 3DF
0-2: Foul Ball, location: 9LDF
0-2: DOUBLE (Line Drive, 7LS, EV 102.5 MPH)
Von Smith scores
Josh Dixon scores
Sergio Vargas to third
Pinch Hitting: RHB Iván Maes 0-0: Called Strike
0-1: Ball
1-1: Ball
2-1: Swinging Strike
2-2: Ball
3-2: Foul Ball, location: 5FF
3-2: Ground out 4-3 (Groundball, 4S, EV 64.4 MPH)
Top of the 9th over - 2 runs, 2 hits, 0 errors, 2 left on base; ACL Chicago (N) 6 - ACL Seattle 15
Friday, May 3rd , 2024 - OOTP Baseball 24.10 Build 82